 Dungeon Crawl Stone Soup version 0.25-a0-815-gab441bd002 (webtiles) character file.

Game seed: 6454625553149017402, levelgen mode: deterministic

140 Anathary the Chopper (level 5, -4/48 HPs)
             Began as a Minotaur Berserker on Apr 20, 2020.
             Was a Believer of Trog.
             Slain by an orc
             ... wielding a +0 trident
              (6 damage)
             ... on level 3 of the Dungeon.
             The game lasted 00:03:46 (1606 turns).

Anathary the Chopper (Minotaur Berserker)           Turns: 1606, Time: 00:03:47

Health: -4/48      AC:  2    Str: 23    XL:     5   Next: 2%
Magic:  4/4        EV: 12    Int:  4    God:    Trog [**....]
Gold:   129        SH:  0    Dex:  9    Spells: 4/4 levels left

rFire    . . .     SeeInvis .   a - +0 hand axe
rCold    . . .     Gourm    .   (no shield)
rNeg     . . .     Faith    .   b - +0 animal skin
rPois    .         Spirit   .   (helmet restricted)
rElec    .         Reflect  .   (no cloak)
rCorr    .         Harm     .   (no gloves)
MR       .....                  (no boots)
Stlth    +.........             (no amulet)
HPRegen  0.16/turn              (no ring)
MPRegen  0.09/turn              (no ring)

@: no status effects
A: retaliatory headbutt, horns 2
a: Berserk, Trog's Hand, Renounce Religion


You were on level 3 of the Dungeon.
You worshipped Trog.
Trog was pleased with you.
You were not hungry.

You visited 1 branch of the dungeon, and saw 3 of its levels.

You collected 129 gold pieces.

Inventory:

Hand Weapons
 a - a +0 hand axe (weapon)
Armour
 b - a +0 animal skin (worn)
Scrolls
 e - a scroll of blinking {unknown}
 i - 3 scrolls of remove curse {unknown}
 j - a scroll of identify {unknown}
 k - a scroll of magic mapping {unknown}
 m - a scroll of enchant weapon {unknown}
 n - a scroll of teleportation {unknown}
Potions
 d - 3 potions of magic {unknown}
 f - a potion of lignification {unknown}
 g - 3 potions of curing {unknown}
 h - a potion of flight {unknown}
 l - 2 potions of heal wounds {unknown}
Comestibles
 c - 3 rations


   Skills:
 + Level 5.3 Fighting
 + Level 5.5 Axes
 - Level 2.4 Armour
 - Level 2.1 Dodging
 + Level 0.5 Stealth


You had 4 spell levels left.
You didn't know any spells.
Your spell library was empty.

Dungeon Overview and Level Annotations

Branches:
Dungeon (3/15)

Altars:
Fedhas


Innate Abilities, Weirdness & Mutations

You reflexively headbutt those who attack you in melee.
You have a pair of horns on your head.


Message History

The orc barely misses you.
The orc priest calls down the wrath of Beogh upon you.
Beogh smites you!
* * * LOW HITPOINT WARNING * * *
The orc barely misses you. The orc barely misses you.
The orc priest closely misses you. The orc hits you.
* * * LOW HITPOINT WARNING * * *
You barely miss the orc priest. You headbutt the orc priest!
The orc priest is severely wounded.
You hit the orc. The orc closely misses you. The orc priest barely misses you.
The orc hits you but does no damage.
You barely miss the orc priest. You headbutt the orc priest.
You kill the orc priest!
Trog accepts your kill.
You have reached level 5!
You hit the orc.
You kill the orc!
Trog accepts your kill.
The orc hits you from afar with a +0 trident.
You die...

###.#.#####.........#
# #.#.# #.........# #
#.#.# #.?.......#
###.#.# #...)†....+
......+ +.........#
#####.# #...<.....# #
#.# ##......)..# # .
...........# #
###.......@[..# #
#...####†.o## # ...
....... #.......#
#.......# #.......#
#.......# ##+###..#


You could see an orc.

Vanquished Creatures
  2 orc priests (D:3)
  An adder (D:2)
  A shadow imp (D:3)
  3 worms (D:2)
  4 dart slugs
  3 leopard geckos
  2 orcs (D:3)
  A ball python (D:1)
  2 giant cockroaches
  6 goblins
  5 hobgoblins
  2 jackals (D:2)
  6 bats
  A kobold (D:1)
  5 rats
44 creatures vanquished.

Notes
Turn   | Place    | Note
-------+----------+-------------------------------------------
     0 | D:1      | Anathary the Minotaur Berserker began the quest for the
                  | Orb.
     0 | D:1      | Reached XP level 1. HP: 19/19 MP: 0/0
   258 | D:1      | Reached XP level 2. HP: 27/27 MP: 1/1
   793 | D:2      | Reached XP level 3. HP: 30/34 MP: 2/2
   925 | D:2      | Found a blossoming altar of Fedhas.
  1001 | D:2      | Reached ** piety under Trog
  1003 | D:2      | Found a faded altar of an unknown god.
  1569 | D:3      | Reached XP level 4. HP: 35/41 MP: 3/3
  1595 | D:3      | Reached skill level 5 in Axes
  1597 | D:3      | Reached skill level 5 in Fighting
  1603 | D:3      | HP: 2/42 [orc priest/divine providence (14)]
  1606 | D:3      | Reached XP level 5. HP: 2/48 MP: 4/4
  1606 | D:3      | Slain by an orc

Levels and vault maps discovered:
D:1:      matt_arrival_diagonals, layout_basic
D:2:      layout_rooms, chequers_ecumenical_altar_island, fedhas_altar_3
D:3:      layout_basic, grunt_ministairs_14, tso_metal_star, uniq_sigmund

Skill      XL: |  1  2  3  4 |
---------------+-------------+-----
Axes           | 4 5 |  5.5
Fighting       | 4 5 |  5.3
Armour         | |  2.4
Dodging        | |  2.1
Stealth        | |  0.5

Action                   |  1- 3 |  4- 6 || total
-------------------------+-------+-------++-------
Melee: Hand axe          |    72 |     8 ||    80
       Headbutt          |    10 |     3 ||    13
 Stab: Sleeping          |     1 |       ||     1
  Eat: Ration            |     1 |       ||     1
Armor: Animal skin       |    22 |     2 ||    24
Dodge: Dodged            |    48 |     8 ||    56

Table legend:
 A = Non-vault XP
 B = Vault XP
 C = Vault XP percentage of total XP
 D = Non-vault monster count
 E = Vault monster count
 F = Vault count percentage of total count
                 A         B        C        D         E       F
            +---------+---------+-------+---------+---------+-------
      Total |     200 |       0 |   0.0 |      44 |       0 |   0.0
            +---------+---------+-------+---------+---------+-------
        D:1 |      38 |       0 |   0.0 |      19 |       0 |   0.0
        D:2 |      49 |       0 |   0.0 |      14 |       0 |   0.0
        D:3 |     113 |       0 |   0.0 |      11 |       0 |   0.0
            +---------+---------+-------+---------+---------+-------
